Nordiques vs Capitals

Created - January 30, 2018 at 19:06

Goals
1 2 3 T
Nordiques 2 0 2 4
Capitals 2 1 2 5
Shots
1 2 3 T
Nordiques 17 10 10 37
Capitals 10 15 10 35

1st period

1. Nordiques , Matt Moulson 11 (Jean-Pierre Dumont 6, Paul Gaustad 5) at 1:07
2. Capitals , Patrick Marleau 17 (Marcel Goc 5, Paul Martin 19) at 6:18
3. Capitals , Blake Wheeler 7 (Scott Gomez 24, Mark Stuart 13) at 10:34 (PP)
4. Nordiques , Vladimir Tarasenko 18 (Chris Drury 16, Mark Eaton 10) at 17:54

Penalties :
Dustin Byfuglien (Que) for Roughing (Minor) at 9:29

2nd period

5. Capitals , Scott Gomez 11 (Blake Wheeler 12, Matt Irwin 5) at 1:37

Penalties :
Dougie Hamilton (Was) for Hooking (Minor) at 15:20, Scott Gomez (Was) for Tripping (Minor) at 19:07

3rd period

6. Capitals , Dougie Hamilton 1 (Marcel Goc 6, T.J. Oshie 11) at 5:04
7. Nordiques , Ryan Ellis 6 (R.J. Umberger 22, Jonathan Quick) at 9:43 (PP)
8. Capitals , Dougie Hamilton 2 (Matt Irwin 6, Chris Kunitz 10) at 18:38
9. Nordiques , Marek Svatos 13 (Daniel Briere 36, Ryan Ellis 28) at 19:02 (PP)

Penalties :
Matt Moulson (Que) for Delaying the game (Minor) at 2:41, Marek Svatos (Que) for Hooking (Minor) at 6:22, Patrick Marleau (Was) for Cross-checking (Minor) at 9:09, Ryan Ellis (Que) for Hooking (Minor) at 13:06, Matt Gilroy (Que) for Holding Stick (Minor) at 16:06, Patrick Marleau (Was) for Hooking (Minor) at 18:51, Scott Gomez (Was) for Hooking (Minor) at 19:54

Goalie Stats

Jonathan Quick (Que), 30 saves from 35 shots - (0.857), L, 20-13-4, 59:13 minutes
Roberto Luongo (Was), 33 saves from 37 shots - (0.892), W, 9-11-1, 60:00 minutes

Players Stats for Nordiques

Player Name              G  A  P  +/- PIM S  H  SB GA TA FO     MP     PP MP  PK MP  
------------------------------------------------------------------------------------
Bruno Gervais            0  0  0  -3  0   1  0  0  0  1  0/0    11:18   0:00   0:27 
Chris Drury              0  1  1   1  0   3  2  0  0  0  5/11   17:55   1:52   2:26 
Daniel Briere            0  1  1   0  0   5  1  0  1  1  28/44  24:18   2:56   5:29 
Dustin Byfuglien         0  0  0   1  2   1  0  4  0  0  0/0    19:38   1:35   3:10 
Jean-Pierre Dumont       0  1  1  -2  0   0  2  1  0  0  0/0     9:54   0:00   0:00 
Kyle Calder              0  0  0   1  0   2  1  0  0  1  1/2    16:56   1:52   1:38 
Marek Svatos             1  0  1   0  2   8  2  0  2  1  0/3    23:05   2:56   4:17 
Mark Eaton               0  1  1   0  0   2  1  2  0  2  0/0    29:13   3:13   5:10 
Matt Gilroy              0  0  0  -3  2   0  1  0  1  1  0/0    11:52   0:00   1:25 
Matt Moulson             1  0  1  -2  2   1  1  1  0  0  0/0    10:23   0:00   0:17 
Michael Ryder            0  0  0  -1  0   0  0  0  0  0  0/0     6:34   0:00   0:00 
Nikolai Kulemin          0  0  0  -1  0   0  0  0  0  0  0/0     6:34   0:00   0:00 
Paul Gaustad             0  1  1  -2  0   1  4  1  0  0  3/9    12:39   0:00   2:06 
R.J. Umberger            0  1  1   0  0   3  1  1  0  0  2/4    18:23   2:56   0:00 
Rich Peverley            0  0  0  -1  0   1  0  0  1  0  1/1     6:34   0:00   0:00 
Ryan Ellis               1  1  2   0  2   1  2  1  1  1  0/0    28:05   3:13   4:03 
T.J. Fast                0  0  0   1  0   0  0  2  0  0  0/0    20:16   1:35   3:47 
Vladimir Tarasenko       1  0  1   1  0   8  0  0  1  0  1/1    17:17   1:52   1:49 

Players Stats for Capitals

Player Name              G  A  P  +/- PIM S  H  SB GA TA FO     MP     PP MP  PK MP  
------------------------------------------------------------------------------------
Adam Hall                0  0  0   0  0   1  0  0  0  0  0/0     6:42   0:09   0:00 
Blake Wheeler            1  1  2   1  0   1  1  0  1  0  0/0    16:45   3:50   0:32 
Brian Boyle              0  0  0   0  0   0  2  0  0  0  2/3     7:44   0:10   0:44 
Chris Kunitz             0  1  1   0  0   3  0  0  1  0  2/7     8:38   0:10   1:45 
Christian Ehrhoff        0  0  0  -2  0   2  2  1  0  2  0/0    19:54   6:08   2:53 
Dougie Hamilton          2  0  2   2  2   2  1  0  0  0  0/0    20:53   0:00   0:00 
Jamie Benn               0  0  0   1  0   2  4  0  1  0  0/1    16:12   3:50   0:00 
Jaromir Jagr             0  0  0   0  0   6  0  1  2  1  0/1    24:21   5:02   3:36 
Keith Yandle             0  0  0  -1  0   0  0  1  0  0  0/0    10:26   0:00   0:00 
Marcel Goc               0  2  2   1  0   0  2  0  0  0  3/5    11:25   0:00   0:00 
Mark Stuart              0  1  1   1  0   1  1  1  0  3  0/0    30:21   6:08   2:53 
Matt Irwin               0  2  2   2  0   5  0  0  1  1  0/0    19:13   2:53   1:55 
Ondrej Palat             0  0  0   0  0   5  2  1  0  0  4/6    20:29   5:01   0:40 
Patrick Marleau          1  0  1   1  4   1  0  0  0  0  0/1    12:43   0:00   0:27 
Paul Martin              0  1  1   2  0   1  0  1  0  0  0/0    19:13   2:53   1:55 
Scott Gomez              1  1  2   1  4   3  1  0  0  0  6/18   19:01   3:50   1:52 
T.J. Oshie               0  1  1   1  0   1  0  2  1  0  0/0    11:25   0:00   0:00 
Tyler Seguin             0  0  0   0  0   1  0  0  1  0  17/33  19:42   5:01   0:00 

3 Stars

1 - Dougie Hamilton (Was)
2 - Blake Wheeler (Was)
3 - Matt Irwin (Was)

Power Play

Nordiques - 2 on 5 Attempt(s) - 40.00%
Capitals - 1 on 5 Attempt(s) - 20.00%

Penalty Kill

Nordiques - 4 on 5 Attempt(s) - 80.00% - Score 0 goal in Penalty Kill
Capitals - 3 on 5 Attempt(s) - 60.00% - Score 0 goal in Penalty Kill

Team Stat

Nordiques - Hits : 18 - Faceoff Wins : 41 - Blocked Shots : 13 - Penalty Minutes : 10
Capitals - Hits : 16 - Faceoff Wins : 34 - Blocked Shots : 8 - Penalty Minutes : 10

Official

Referees : McCreary Bill and Rehman Kyle
Linesman : Vaughan Rody and Derek Nansen

Game Notes

No Game Note

Finance

Level 1 -- Attendance: 6000 (100.00%) -- Ticket Income $492,000
Level 2 -- Attendance: 4690 (93.80%) -- Ticket Income $220,430
Level 3 -- Attendance: 1844 (92.20%) -- Ticket Income $59,008
Level 4 -- Attendance: 4000 (100.00%) -- Ticket Income $84,000
Luxury Box -- Attendance: 843 (84.30%) -- Ticket Income $141,624
Game was played at the Verizon Center.
Total Attendance: 17377 (96.54%)
Total Ticket Income: $997,062
Other Income: $149,559
Total Income: $1,146,621

Nordiques

5 vs 5 Forward 
   Center                   Left Wing                Right Wing               Time % Phy DF OF 
 1 Daniel Briere            R.J. Umberger            Marek Svatos             40     1   2  2  
 2 Chris Drury              Kyle Calder              Vladimir Tarasenko       30     1   2  2  
 3 Paul Gaustad             Matt Moulson             Jean-Pierre Dumont       20     1   2  2  
 4 Rich Peverley            Nikolai Kulemin          Michael Ryder            10     1   2  2  

5 vs 5 Defense 
   Defense                  Defense                                           Time % Phy DF OF 
 1 Ryan Ellis               Mark Eaton                                        40     1   2  2  
 2 Dustin Byfuglien         T.J. Fast                                         30     1   2  2  
 3 Bruno Gervais            Matt Gilroy                                       20     1   2  2  
 4 Ryan Ellis               Mark Eaton                                        10     1   2  2  

PowerPlay Forward 
   Center                   Left Wing                Right Wing               Time % Phy DF OF 
 1 Daniel Briere            R.J. Umberger            Marek Svatos             60     1   2  2  
 2 Chris Drury              Kyle Calder              Vladimir Tarasenko       40     1   2  2  

PowerPlay Defense
   Defense                  Defense                                           Time % Phy DF OF 
 1 Ryan Ellis               Mark Eaton                                        60     1   2  2  
 2 Dustin Byfuglien         T.J. Fast                                         40     1   2  2  

Penalty Kill 4 Players Forward 
   Center                   Wing                     Time % Phy DF OF 
 1 Daniel Briere            Marek Svatos             60     1   2  2  
 2 Vladimir Tarasenko       Chris Drury              40     1   2  2  

Penalty Kill 4 Players Defense
   Defense                  Defense                  Time % Phy DF OF 
 1 Ryan Ellis               Mark Eaton               60     1   2  2  
 2 Dustin Byfuglien         T.J. Fast                40     1   2  2  

Penalty Kill - 3 Players Forward 
   Forward                                           Time % Phy DF OF 
 1 Daniel Briere                                     60     1   2  2  
 2 Marek Svatos                                      40     1   2  2  

Penalty Kill - 3 Players Defense
   Defense                  Defense                  Time % Phy DF OF 
 1 Ryan Ellis               Mark Eaton               60     1   2  2  
 2 Dustin Byfuglien         T.J. Fast                40     1   2  2  

4 vs 4 Forward 
   Center                   Wing                     Time % Phy DF OF 
 1 Daniel Briere            Marek Svatos             60     1   2  2  
 2 Vladimir Tarasenko       Chris Drury              40     1   2  2  

4 vs 4 Defense
   Defense                  Defense                  Time % Phy DF OF 
 1 Ryan Ellis               Mark Eaton               60     1   2  2  
 2 Dustin Byfuglien         T.J. Fast                40     1   2  2  

Last Minutes Offensive
   Center                   Left Wing                Right Wing               Defense                  Defense                  
   Daniel Briere            R.J. Umberger            Marek Svatos             Ryan Ellis               Mark Eaton               

Last Minutes Defensive
   Center                   Left Wing                Right Wing               Defense                  Defense                  
   Daniel Briere            R.J. Umberger            Marek Svatos             Ryan Ellis               Mark Eaton               

Goaltenders
Starting : Jonathan Quick           
Backup : Julien Ellis             

Extra Forwards
Normal : Jean-Pierre Dumont, Matt Moulson, Paul Gaustad - PP : Jean-Pierre Dumont, Matt Moulson - PK : Paul Gaustad
Extra Defensemen
Normal : Bruno Gervais, Matt Gilroy, Dustin Byfuglien - PP : Bruno Gervais - PK : Matt Gilroy, Dustin Byfuglien
Penalty Shots
Daniel Briere, Marek Svatos, Vladimir Tarasenko, Chris Drury, R.J. Umberger

Scratches
Fedor Tyutin (Sprained Left Knee Injury), Marc-André Gragnani (Healthy)

Capitals

5 vs 5 Forward 
   Center                   Left Wing                Right Wing               Time % Phy DF OF 
 1 Tyler Seguin             Ondrej Palat             Jaromir Jagr             40     1   2  2  
 2 Scott Gomez              Jamie Benn               Blake Wheeler            30     1   2  2  
 3 Marcel Goc               Patrick Marleau          T.J. Oshie               20     1   2  2  
 4 Brian Boyle              Chris Kunitz             Adam Hall                10     1   2  2  

5 vs 5 Defense 
   Defense                  Defense                                           Time % Phy DF OF 
 1 Mark Stuart              Dougie Hamilton                                   40     1   2  2  
 2 Paul Martin              Matt Irwin                                        30     1   2  2  
 3 Keith Yandle             Christian Ehrhoff                                 20     1   2  2  
 4 Dougie Hamilton          Mark Stuart                                       10     1   2  2  

PowerPlay Forward 
   Center                   Left Wing                Right Wing               Time % Phy DF OF 
 1 Tyler Seguin             Ondrej Palat             Jaromir Jagr             60     1   2  2  
 2 Scott Gomez              Jamie Benn               Blake Wheeler            40     1   2  2  

PowerPlay Defense
   Defense                  Defense                                           Time % Phy DF OF 
 1 Mark Stuart              Christian Ehrhoff                                 60     1   2  2  
 2 Paul Martin              Matt Irwin                                        40     1   2  2  

Penalty Kill 4 Players Forward 
   Center                   Wing                     Time % Phy DF OF 
 1 Scott Gomez              Jaromir Jagr             60     1   2  2  
 2 Blake Wheeler            Patrick Marleau          40     1   2  2  

Penalty Kill 4 Players Defense
   Defense                  Defense                  Time % Phy DF OF 
 1 Mark Stuart              Christian Ehrhoff        60     1   2  2  
 2 Paul Martin              Matt Irwin               40     1   2  2  

Penalty Kill - 3 Players Forward 
   Forward                                           Time % Phy DF OF 
 1 Scott Gomez                                       60     1   2  2  
 2 Jaromir Jagr                                      40     1   2  2  

Penalty Kill - 3 Players Defense
   Defense                  Defense                  Time % Phy DF OF 
 1 Mark Stuart              Christian Ehrhoff        60     1   2  2  
 2 Paul Martin              Matt Irwin               40     1   2  2  

4 vs 4 Forward 
   Center                   Wing                     Time % Phy DF OF 
 1 Scott Gomez              Jaromir Jagr             60     1   2  2  
 2 Tyler Seguin             Patrick Marleau          40     1   2  2  

4 vs 4 Defense
   Defense                  Defense                  Time % Phy DF OF 
 1 Mark Stuart              Christian Ehrhoff        60     1   2  2  
 2 Paul Martin              Matt Irwin               40     1   2  2  

Last Minutes Offensive
   Center                   Left Wing                Right Wing               Defense                  Defense                  
   Scott Gomez              Tyler Seguin             Jaromir Jagr             Mark Stuart              Christian Ehrhoff        

Last Minutes Defensive
   Center                   Left Wing                Right Wing               Defense                  Defense                  
   Scott Gomez              Patrick Marleau          Jaromir Jagr             Mark Stuart              Christian Ehrhoff        

Goaltenders
Starting : Roberto Luongo           
Backup : Jake Allen               

Extra Forwards
Normal : Tyler Seguin, Scott Gomez, Ondrej Palat - PP : Tyler Seguin, Ondrej Palat - PK : Chris Kunitz
Extra Defensemen
Normal : Paul Martin, Christian Ehrhoff, Dougie Hamilton - PP : Keith Yandle - PK : Mark Stuart, Dougie Hamilton
Penalty Shots
Tyler Seguin, Jaromir Jagr, Scott Gomez, Patrick Marleau, Jamie Benn

Scratches
Joe Thornton (Left Knee Injury), Matt Carle (Separated Left Shoulder Injury)

% Time on Ice - Nordiques

Lines # - Real PCT - Wanted PCT - Time Play
Normal Forward
1 - 34% - 40% - 15:15
2 - 30% - 30% - 13:36
3 - 22% - 20% - 9:54
4 - 14% - 10% - 6:34
Normal Defense
1 - 38% - 40% - 17:16
2 - 33% - 30% - 14:54
3 - 22% - 20% - 10:03
4 - 7% - 10% - 3:06
PP Forward
1 - 61% - 60% - 2:56
2 - 39% - 40% - 1:52
PP Defense
1 - 67% - 60% - 3:13
2 - 33% - 40% - 1:35
PK Forward
1 - 80% - 60% - 7:12
2 - 20% - 40% - 1:49
PK Defense
1 - 58% - 60% - 5:14
2 - 42% - 40% - 3:47
PK3 Forward
1 - 0% - 60%
2 - 0% - 40%
PK3 Defense
1 - 0% - 60%
2 - 0% - 40%
44 Forward
1 - 0% - 60%
2 - 0% - 40%
44 Defense
1 - 0% - 60%
2 - 0% - 40%
Last Minute Offensive  - 0:52
Last Minute Defensive  - 0:00
Total
Forward - 60:00
Defense - 60:00

% Time on Ice - Capitals

Lines # - Real PCT - Wanted PCT - Time Play
Normal Forward
1 - 33% - 40% - 14:59
2 - 27% - 30% - 12:23
3 - 25% - 20% - 11:25
4 - 14% - 10% - 6:32
Normal Defense
1 - 41% - 40% - 18:27
2 - 32% - 30% - 14:25
3 - 21% - 20% - 9:40
4 - 6% - 10% - 2:47
PP Forward
1 - 57% - 60% - 5:11
2 - 43% - 40% - 3:50
PP Defense
1 - 68% - 60% - 6:08
2 - 32% - 40% - 2:53
PK Forward
1 - 89% - 60% - 4:16
2 - 11% - 40% - 0:32
PK Defense
1 - 60% - 60% - 2:53
2 - 40% - 40% - 1:55
PK3 Forward
1 - 0% - 60%
2 - 0% - 40%
PK3 Defense
1 - 0% - 60%
2 - 0% - 40%
44 Forward
1 - 0% - 60%
2 - 0% - 40%
44 Defense
1 - 0% - 60%
2 - 0% - 40%
Last Minute Offensive  - 0:00
Last Minute Defensive  - 0:52
Total
Forward - 60:00
Defense - 60:00

Play by Play

1st period


0:01 of 1st period - Ondrej Palat wins face-off versus Daniel Briere in neutral zone.
0:04 of 1st period - Slapshot by Daniel Briere.
0:04 of 1st period - Shot Misses the Net.
0:12 of 1st period - Slapshot by Tyler Seguin.
0:12 of 1st period - Shot Misses the Net.
0:16 of 1st period - Slapshot by Jaromir Jagr.
0:16 of 1st period - Stopped by Jonathan Quick without a rebound.
0:17 of 1st period - Chris Drury wins face-off versus Jamie Benn in Nordiques zone.
0:30 of 1st period - Snap shot by Kyle Calder.
0:30 of 1st period - Shot Misses the Net.
0:42 of 1st period - Backhand shot by Patrick Marleau.
0:42 of 1st period - Shot Blocked by T.J. Fast.
0:47 of 1st period - Icing by T.J. Fast.
0:48 of 1st period - Brian Boyle wins face-off versus Paul Gaustad in Nordiques zone.
0:59 of 1st period - Backhand shot by Paul Gaustad.
0:59 of 1st period - Shot Blocked by Christian Ehrhoff.
1:07 of 1st period - Wrist shot by Matt Moulson.
1:07 of 1st period - Goal by Matt Moulson - Nordiques : 1 - Capitals : 0.
1:08 of 1st period - Ondrej Palat wins face-off versus Daniel Briere in neutral zone.
1:15 of 1st period - Snap shot by Jaromir Jagr.
1:15 of 1st period - Stopped by Jonathan Quick with a rebound.
1:35 of 1st period - Nikolai Kulemin is hit by Blake Wheeler and loses puck.
2:07 of 1st period - Snap shot by Vladimir Tarasenko.
2:07 of 1st period - Stopped by Roberto Luongo without a rebound.
2:08 of 1st period - Tyler Seguin wins face-off versus Daniel Briere in Capitals zone.
2:33 of 1st period - Christian Ehrhoff is hit by Jean-Pierre Dumont.
3:23 of 1st period - Slapshot by Paul Martin.
3:23 of 1st period - Shot Misses the Net.
3:29 of 1st period - Snap shot by R.J. Umberger.
3:29 of 1st period - Stopped by Roberto Luongo with a rebound.
3:43 of 1st period - Snap shot by Rich Peverley.
3:43 of 1st period - Stopped by Roberto Luongo with a rebound.
4:01 of 1st period - Jamie Benn is hit by Matt Gilroy.
4:07 of 1st period - Wrist shot by Scott Gomez.
4:07 of 1st period - Stopped by Jonathan Quick without a rebound.
4:08 of 1st period - Daniel Briere wins face-off versus Tyler Seguin in Nordiques zone.
5:00 of 1st period - Snap shot by Scott Gomez.
5:00 of 1st period - Shot Blocked by T.J. Fast.
5:58 of 1st period - Matt Gilroy is hit by Scott Gomez.
6:18 of 1st period - Slapshot by Patrick Marleau.
6:18 of 1st period - Goal by Patrick Marleau - Nordiques : 1 - Capitals : 1.
6:19 of 1st period - Daniel Briere wins face-off versus Tyler Seguin in neutral zone.
6:22 of 1st period - Slapshot by R.J. Umberger.
6:22 of 1st period - Shot Misses the Net.
6:44 of 1st period - Marek Svatos is hit by Marcel Goc and loses puck.
6:59 of 1st period - Snap shot by Daniel Briere.
6:59 of 1st period - Stopped by Roberto Luongo without a rebound.
7:00 of 1st period - Tyler Seguin wins face-off versus Chris Drury in Capitals zone.
7:00 of 1st period - Tyler Seguin is hit by Chris Drury.
7:14 of 1st period - Wrist shot by Jaromir Jagr.
7:14 of 1st period - Stopped by Jonathan Quick without a rebound.
7:15 of 1st period - Scott Gomez wins face-off versus Paul Gaustad in Nordiques zone.
8:01 of 1st period - Icing by Marcel Goc.
8:02 of 1st period - Chris Drury wins face-off versus Marcel Goc in Capitals zone.
8:45 of 1st period - Snap shot by Vladimir Tarasenko.
8:45 of 1st period - Stopped by Roberto Luongo without a rebound.
8:46 of 1st period - Tyler Seguin wins face-off versus R.J. Umberger in Capitals zone.
9:12 of 1st period - Dustin Byfuglien is hit by Jamie Benn and loses puck.
9:21 of 1st period - Snap shot by Scott Gomez.
9:21 of 1st period - Shot Misses the Net.
9:23 of 1st period - Backhand shot by Jamie Benn.
9:23 of 1st period - Stopped by Jonathan Quick with a rebound.
9:29 of 1st period - Minor Penalty to Dustin Byfuglien for Roughing.
9:30 of 1st period - Daniel Briere wins face-off versus Tyler Seguin in Nordiques zone.
10:04 of 1st period - Icing by Jamie Benn.
10:05 of 1st period - Vladimir Tarasenko wins face-off versus Scott Gomez in Capitals zone.
10:34 of 1st period - Snap shot by Blake Wheeler.
10:34 of 1st period - Goal by Blake Wheeler - Nordiques : 1 - Capitals : 2.
10:35 of 1st period - Tyler Seguin wins face-off versus Kyle Calder in neutral zone.
10:48 of 1st period - Slapshot by Ondrej Palat.
10:48 of 1st period - Shot Hit the Post.
10:50 of 1st period - Slapshot by Mark Stuart.
10:50 of 1st period - Shot Blocked by Mark Eaton.
11:00 of 1st period - Mark Eaton is hit by Marcel Goc and loses puck.
11:19 of 1st period - Wrist shot by Chris Drury.
11:19 of 1st period - Stopped by Roberto Luongo with a rebound.
11:33 of 1st period - Kyle Calder is hit by Dougie Hamilton and loses puck.
12:02 of 1st period - Snap shot by Patrick Marleau.
12:02 of 1st period - Shot Misses the Net.
12:04 of 1st period - Slapshot by Dougie Hamilton.
12:04 of 1st period - Shot Misses the Net.
12:06 of 1st period - Slapshot by T.J. Oshie.
12:06 of 1st period - Stopped by Jonathan Quick without a rebound.
12:07 of 1st period - Daniel Briere wins face-off versus Tyler Seguin in Nordiques zone.
12:16 of 1st period - Slapshot by Marek Svatos.
12:16 of 1st period - Stopped by Roberto Luongo with a rebound.
12:18 of 1st period - Slapshot by Ryan Ellis.
12:18 of 1st period - Shot Blocked by Paul Martin.
12:20 of 1st period - Snap shot by Marek Svatos.
12:20 of 1st period - Stopped by Roberto Luongo without a rebound.
12:21 of 1st period - Daniel Briere wins face-off versus Tyler Seguin in Capitals zone.
13:31 of 1st period - Slapshot by Marek Svatos.
13:31 of 1st period - Stopped by Roberto Luongo without a rebound.
13:32 of 1st period - Tyler Seguin wins face-off versus Marek Svatos in Capitals zone.
13:53 of 1st period - Wrist shot by Ondrej Palat.
13:53 of 1st period - Deflect By Jean-Pierre Dumont.
13:53 of 1st period - Shot Misses the Net.
13:53 of 1st period - Puck is out of play.
13:54 of 1st period - Scott Gomez wins face-off versus Paul Gaustad in Nordiques zone.
14:24 of 1st period - Brian Boyle is hit by R.J. Umberger and loses puck.
14:43 of 1st period - Mark Stuart is hit by Ryan Ellis.
15:27 of 1st period - Snap shot by Kyle Calder.
15:27 of 1st period - Stopped by Roberto Luongo with a rebound.
15:29 of 1st period - Wrist shot by Mark Eaton.
15:29 of 1st period - Stopped by Roberto Luongo with a rebound.
15:31 of 1st period - Slapshot by Mark Eaton.
15:31 of 1st period - Shot Misses the Net.
15:33 of 1st period - Slapshot by Mark Eaton.
15:33 of 1st period - Shot Blocked by T.J. Oshie.
15:37 of 1st period - Wrist shot by Chris Drury.
15:37 of 1st period - Shot Misses the Net.
15:59 of 1st period - Patrick Marleau is hit by Ryan Ellis and loses puck.
16:04 of 1st period - Wrist shot by Chris Drury.
16:04 of 1st period - Shot Misses the Net.
16:43 of 1st period - Vladimir Tarasenko is hit by Christian Ehrhoff and loses puck.
17:36 of 1st period - Snap shot by Chris Drury.
17:36 of 1st period - Stopped by Roberto Luongo with a rebound.
17:44 of 1st period - Slapshot by Kyle Calder.
17:44 of 1st period - Shot Misses the Net.
17:46 of 1st period - Snap shot by Vladimir Tarasenko.
17:46 of 1st period - Stopped by Roberto Luongo with a rebound.
17:48 of 1st period - Slapshot by Mark Eaton.
17:48 of 1st period - Deflect By Christian Ehrhoff.
17:48 of 1st period - Stopped by Roberto Luongo with a rebound.
17:50 of 1st period - Snap shot by Chris Drury.
17:50 of 1st period - Shot Blocked by Keith Yandle.
17:52 of 1st period - Snap shot by Chris Drury.
17:52 of 1st period - Stopped by Roberto Luongo with a rebound.
17:54 of 1st period - Slapshot by Vladimir Tarasenko.
17:54 of 1st period - Goal by Vladimir Tarasenko - Nordiques : 2 - Capitals : 2.
17:55 of 1st period - Tyler Seguin wins face-off versus Daniel Briere in neutral zone.
18:10 of 1st period - Wrist shot by Ondrej Palat.
18:10 of 1st period - Deflect By Tyler Seguin.
18:10 of 1st period - Shot Misses the Net.
18:10 of 1st period - Puck is out of play.
18:11 of 1st period - Paul Gaustad wins face-off versus Scott Gomez in Nordiques zone.
18:24 of 1st period - Snap shot by Scott Gomez.
18:24 of 1st period - Stopped by Jonathan Quick without a rebound.
18:25 of 1st period - Tyler Seguin wins face-off versus Daniel Briere in Nordiques zone.
18:26 of 1st period - Wrist shot by Jaromir Jagr.
18:26 of 1st period - Shot Blocked by Dustin Byfuglien.
18:57 of 1st period - Wrist shot by Scott Gomez.
18:57 of 1st period - Shot Misses the Net.
19:03 of 1st period - Snap shot by Jamie Benn.
19:03 of 1st period - Stopped by Jonathan Quick with a rebound.
19:15 of 1st period - Snap shot by Matt Moulson.
19:15 of 1st period - Shot Misses the Net.
Goals for this period are 2 for Nordiques vs 2 for Capitals.
Shots for this period are 17 for Nordiques vs 10 for Capitals.

2nd period


0:01 of 2nd period - Daniel Briere wins face-off versus Tyler Seguin in neutral zone.
0:58 of 2nd period - Slapshot by Chris Kunitz.
0:58 of 2nd period - Stopped by Jonathan Quick without a rebound.
0:59 of 2nd period - Tyler Seguin wins face-off versus Daniel Briere in Nordiques zone.
1:27 of 2nd period - Snap shot by Jamie Benn.
1:27 of 2nd period - Shot Misses the Net.
1:29 of 2nd period - Snap shot by Scott Gomez.
1:29 of 2nd period - Shot Misses the Net.
1:31 of 2nd period - Slapshot by Matt Irwin.
1:31 of 2nd period - Shot Blocked by Paul Gaustad.
1:33 of 2nd period - Slapshot by Matt Irwin.
1:33 of 2nd period - Stopped by Jonathan Quick with a rebound.
1:35 of 2nd period - Wrist shot by Blake Wheeler.
1:35 of 2nd period - Shot Blocked by Ryan Ellis.
1:37 of 2nd period - Slapshot by Blake Wheeler.
1:37 of 2nd period - Deflect By Scott Gomez.
1:37 of 2nd period - Goal by Scott Gomez - Nordiques : 2 - Capitals : 3.
1:38 of 2nd period - Daniel Briere wins face-off versus Ondrej Palat in neutral zone.
1:40 of 2nd period - Off-side.
1:41 of 2nd period - Tyler Seguin wins face-off versus Daniel Briere in neutral zone.
1:50 of 2nd period - Snap shot by Ondrej Palat.
1:50 of 2nd period - Stopped by Jonathan Quick without a rebound.
1:51 of 2nd period - Ondrej Palat wins face-off versus Marek Svatos in Nordiques zone.
1:52 of 2nd period - Snap shot by Matt Irwin.
1:52 of 2nd period - Stopped by Jonathan Quick with a rebound.
2:44 of 2nd period - Snap shot by Rich Peverley.
2:44 of 2nd period - Shot Misses the Net.
2:46 of 2nd period - Slapshot by Bruno Gervais.
2:46 of 2nd period - Stopped by Roberto Luongo without a rebound.
2:47 of 2nd period - Tyler Seguin wins face-off versus Daniel Briere in Capitals zone.
2:47 of 2nd period - Tyler Seguin is hit by Daniel Briere.
4:22 of 2nd period - Backhand shot by Jaromir Jagr.
4:22 of 2nd period - Shot Misses the Net.
4:38 of 2nd period - Nikolai Kulemin is hit by Jamie Benn and loses puck.
5:22 of 2nd period - Off-side.
5:23 of 2nd period - Daniel Briere wins face-off versus Brian Boyle in neutral zone.
5:34 of 2nd period - Snap shot by Daniel Briere.
5:34 of 2nd period - Stopped by Roberto Luongo without a rebound.
5:35 of 2nd period - Tyler Seguin wins face-off versus Daniel Briere in Capitals zone.
6:04 of 2nd period - Off-side.
6:05 of 2nd period - Paul Gaustad wins face-off versus Scott Gomez in neutral zone.
6:22 of 2nd period - Snap shot by Paul Martin.
6:22 of 2nd period - Deflect By Ryan Ellis.
6:22 of 2nd period - Stopped by Jonathan Quick without a rebound.
6:23 of 2nd period - Tyler Seguin wins face-off versus Daniel Briere in Nordiques zone.
6:53 of 2nd period - Slapshot by Matt Irwin.
6:53 of 2nd period - Stopped by Jonathan Quick without a rebound.
6:54 of 2nd period - Chris Drury wins face-off versus Scott Gomez in Nordiques zone.
7:46 of 2nd period - Snap shot by Adam Hall.
7:46 of 2nd period - Shot Misses the Net.
7:48 of 2nd period - Wrist shot by Chris Kunitz.
7:48 of 2nd period - Shot Blocked by Jean-Pierre Dumont.
7:50 of 2nd period - Slapshot by Adam Hall.
7:50 of 2nd period - Shot Misses the Net.
8:00 of 2nd period - Christian Ehrhoff is hit by Mark Eaton and loses puck.
8:07 of 2nd period - Wrist shot by Michael Ryder.
8:07 of 2nd period - Shot Blocked by T.J. Oshie.
8:49 of 2nd period - Snap shot by Jaromir Jagr.
8:49 of 2nd period - Stopped by Jonathan Quick without a rebound.
8:50 of 2nd period - Chris Drury wins face-off versus Ondrej Palat in Nordiques zone.
8:57 of 2nd period - Snap shot by Kyle Calder.
8:57 of 2nd period - Shot Misses the Net.
8:59 of 2nd period - Slapshot by Matt Gilroy.
8:59 of 2nd period - Shot Blocked by Ondrej Palat.
9:01 of 2nd period - Snap shot by Vladimir Tarasenko.
9:01 of 2nd period - Shot Misses the Net.
9:21 of 2nd period - Snap shot by Mark Stuart.
9:21 of 2nd period - Shot Misses the Net.
9:49 of 2nd period - Snap shot by Ondrej Palat.
9:49 of 2nd period - Stopped by Jonathan Quick with a rebound.
9:55 of 2nd period - Snap shot by Vladimir Tarasenko.
9:55 of 2nd period - Stopped by Roberto Luongo with a rebound.
10:07 of 2nd period - Snap shot by Vladimir Tarasenko.
10:07 of 2nd period - Stopped by Roberto Luongo without a rebound.
10:08 of 2nd period - Daniel Briere wins face-off versus Scott Gomez in Capitals zone.
10:11 of 2nd period - Wrist shot by Marek Svatos.
10:11 of 2nd period - Shot Misses the Net.
11:34 of 2nd period - Snap shot by Marek Svatos.
11:34 of 2nd period - Stopped by Roberto Luongo with a rebound.
11:45 of 2nd period - Off-side.
11:46 of 2nd period - Marcel Goc wins face-off versus Paul Gaustad in neutral zone.
11:48 of 2nd period - Mark Stuart is hit by Jean-Pierre Dumont and loses puck.
12:13 of 2nd period - Daniel Briere is hit by Jamie Benn and loses puck.
12:20 of 2nd period - Wrist shot by Dustin Byfuglien.
12:20 of 2nd period - Stopped by Roberto Luongo with a rebound.
12:22 of 2nd period - Slapshot by Bruno Gervais.
12:22 of 2nd period - Shot Misses the Net.
12:59 of 2nd period - Wrist shot by Chris Kunitz.
12:59 of 2nd period - Shot Misses the Net.
13:01 of 2nd period - Wrist shot by Chris Kunitz.
13:01 of 2nd period - Shot Misses the Net.
13:03 of 2nd period - Snap shot by Chris Kunitz.
13:03 of 2nd period - Stopped by Jonathan Quick without a rebound.
13:04 of 2nd period - Daniel Briere wins face-off versus Tyler Seguin in Nordiques zone.
13:09 of 2nd period - Slapshot by Matt Irwin.
13:09 of 2nd period - Shot Blocked by R.J. Umberger.
13:11 of 2nd period - Slapshot by Matt Irwin.
13:11 of 2nd period - Deflect By Ondrej Palat.
13:11 of 2nd period - Stopped by Jonathan Quick with a rebound.
13:13 of 2nd period - Slapshot by Matt Irwin.
13:13 of 2nd period - Deflect By Marek Svatos.
13:13 of 2nd period - Stopped by Jonathan Quick without a rebound.
13:14 of 2nd period - Daniel Briere wins face-off versus Tyler Seguin in Nordiques zone.
13:43 of 2nd period - Snap shot by Ondrej Palat.
13:43 of 2nd period - Deflect By Jaromir Jagr.
13:43 of 2nd period - Stopped by Jonathan Quick with a rebound.
13:45 of 2nd period - Slapshot by Matt Irwin.
13:45 of 2nd period - Shot Misses the Net.
13:47 of 2nd period - Snap shot by Jaromir Jagr.
13:47 of 2nd period - Stopped by Jonathan Quick with a rebound.
13:49 of 2nd period - Slapshot by Paul Martin.
13:49 of 2nd period - Deflect By Ondrej Palat.
13:49 of 2nd period - Shot Misses the Net.
13:49 of 2nd period - Puck is out of play.
13:50 of 2nd period - Scott Gomez wins face-off versus Chris Drury in Nordiques zone.
14:22 of 2nd period - Backhand shot by Paul Gaustad.
14:22 of 2nd period - Stopped by Roberto Luongo without a rebound.
14:23 of 2nd period - Daniel Briere wins face-off versus Tyler Seguin in Capitals zone.
14:26 of 2nd period - Snap shot by Daniel Briere.
14:26 of 2nd period - Stopped by Roberto Luongo without a rebound.
14:27 of 2nd period - Daniel Briere wins face-off versus Tyler Seguin in Capitals zone.
14:51 of 2nd period - Icing by T.J. Fast.
14:52 of 2nd period - Scott Gomez wins face-off versus Chris Drury in Nordiques zone.
15:20 of 2nd period - Minor Penalty to Dougie Hamilton for Hooking.
15:21 of 2nd period - Daniel Briere wins face-off versus Scott Gomez in Capitals zone.
16:28 of 2nd period - Snap shot by Ondrej Palat.
16:28 of 2nd period - Stopped by Jonathan Quick with a rebound.
16:30 of 2nd period - Snap shot by Ondrej Palat.
16:30 of 2nd period - Shot Blocked by Dustin Byfuglien.
16:32 of 2nd period - Slapshot by Paul Martin.
16:32 of 2nd period - Shot Blocked by Dustin Byfuglien.
16:41 of 2nd period - Icing by Chris Drury.
16:42 of 2nd period - Chris Drury wins face-off versus Scott Gomez in Nordiques zone.
17:20 of 2nd period - Penalty to Dougie Hamilton is over, Dougie Hamilton is back on ice.
17:37 of 2nd period - Patrick Marleau is hit by Paul Gaustad and loses puck.
17:43 of 2nd period - Off-side.
17:44 of 2nd period - Daniel Briere wins face-off versus Chris Kunitz in neutral zone.
19:07 of 2nd period - Minor Penalty to Scott Gomez for Tripping.
19:08 of 2nd period - Daniel Briere wins face-off versus Chris Kunitz in Capitals zone.
19:17 of 2nd period - Slapshot by Marek Svatos.
19:17 of 2nd period - Deflect By R.J. Umberger.
19:17 of 2nd period - Shot Blocked by Jaromir Jagr.
19:17 of 2nd period - Puck is out of play.
19:18 of 2nd period - Daniel Briere wins face-off versus Chris Kunitz in Capitals zone.
19:19 of 2nd period - Wrist shot by Marek Svatos.
19:19 of 2nd period - Deflect By Daniel Briere.
19:19 of 2nd period - Stopped by Roberto Luongo without a rebound.
19:20 of 2nd period - R.J. Umberger wins face-off versus Chris Kunitz in Capitals zone.
19:23 of 2nd period - Wrist shot by Marek Svatos.
19:23 of 2nd period - Shot Blocked by Mark Stuart.
19:25 of 2nd period - Slapshot by Mark Eaton.
19:25 of 2nd period - Shot Misses the Net.
19:27 of 2nd period - Snap shot by Daniel Briere.
19:27 of 2nd period - Shot Misses the Net.
19:29 of 2nd period - Slapshot by Marek Svatos.
19:29 of 2nd period - Stopped by Roberto Luongo without a rebound.
19:30 of 2nd period - Daniel Briere wins face-off versus Chris Kunitz in Capitals zone.
19:53 of 2nd period - Christian Ehrhoff is hit by Marek Svatos and loses puck.
Goals for this period are 0 for Nordiques vs 1 for Capitals.
Shots for this period are 10 for Nordiques vs 15 for Capitals.

3rd period


0:01 of 3rd period - Chris Kunitz wins face-off versus R.J. Umberger in neutral zone.
0:06 of 3rd period - Slapshot by Christian Ehrhoff.
0:06 of 3rd period - Stopped by Jonathan Quick with a rebound.
1:00 of 3rd period - Ondrej Palat is hit by Kyle Calder and loses puck.
1:07 of 3rd period - Penalty to Scott Gomez is over, Scott Gomez is back on ice.
1:41 of 3rd period - Michael Ryder is hit by Mark Stuart and loses puck.
2:41 of 3rd period - Minor Penalty to Matt Moulson for Delaying the game.
2:42 of 3rd period - Tyler Seguin wins face-off versus Daniel Briere in Nordiques zone.
2:46 of 3rd period - Snap shot by Jaromir Jagr.
2:46 of 3rd period - Deflect By Daniel Briere.
2:46 of 3rd period - Shot Misses the Net.
2:46 of 3rd period - Puck is out of play.
2:47 of 3rd period - Ondrej Palat wins face-off versus Marek Svatos in Nordiques zone.
3:31 of 3rd period - Ryan Ellis is hit by Christian Ehrhoff and loses puck.
3:45 of 3rd period - Christian Ehrhoff is hit by Paul Gaustad and loses puck.
3:52 of 3rd period - Matt Irwin is hit by Paul Gaustad and loses puck.
4:41 of 3rd period - Penalty to Matt Moulson is over, Matt Moulson is back on ice.
4:46 of 3rd period - Matt Gilroy is hit by Brian Boyle and loses puck.
5:04 of 3rd period - Slapshot by Dougie Hamilton.
5:04 of 3rd period - Deflect By Rich Peverley.
5:04 of 3rd period - Goal by Dougie Hamilton - Nordiques : 2 - Capitals : 4.
5:05 of 3rd period - Scott Gomez wins face-off versus Daniel Briere in neutral zone.
5:50 of 3rd period - Snap shot by Scott Gomez.
5:50 of 3rd period - Shot Misses the Net.
5:54 of 3rd period - Snap shot by Blake Wheeler.
5:54 of 3rd period - Shot Blocked by Matt Moulson.
5:56 of 3rd period - Slapshot by Matt Irwin.
5:56 of 3rd period - Deflect By Scott Gomez.
5:56 of 3rd period - Shot Misses the Net.
5:56 of 3rd period - Puck is out of play.
5:57 of 3rd period - Tyler Seguin wins face-off versus Daniel Briere in Nordiques zone.
6:03 of 3rd period - Off-side.
6:04 of 3rd period - Daniel Briere wins face-off versus Tyler Seguin in neutral zone.
6:09 of 3rd period - Snap shot by Tyler Seguin.
6:09 of 3rd period - Shot Misses the Net.
6:22 of 3rd period - Minor Penalty to Marek Svatos for Hooking.
6:23 of 3rd period - Daniel Briere wins face-off versus Tyler Seguin in Nordiques zone.
6:29 of 3rd period - Slapshot by Christian Ehrhoff.
6:29 of 3rd period - Stopped by Jonathan Quick without a rebound.
6:30 of 3rd period - Daniel Briere wins face-off versus Tyler Seguin in Nordiques zone.
6:41 of 3rd period - Paul Gaustad is hit by Ondrej Palat and loses puck.
7:15 of 3rd period - Slapshot by Ondrej Palat.
7:15 of 3rd period - Stopped by Jonathan Quick without a rebound.
7:16 of 3rd period - Daniel Briere wins face-off versus Scott Gomez in Nordiques zone.
8:09 of 3rd period - Tyler Seguin is hit by Matt Moulson and loses puck.
8:22 of 3rd period - Penalty to Marek Svatos is over, Marek Svatos is back on ice.
8:41 of 3rd period - Backhand shot by Chris Kunitz.
8:41 of 3rd period - Shot Misses the Net.
8:43 of 3rd period - Snap shot by Brian Boyle.
8:43 of 3rd period - Shot Blocked by Dustin Byfuglien.
8:45 of 3rd period - Snap shot by Chris Kunitz.
8:45 of 3rd period - Shot Misses the Net.
8:47 of 3rd period - Snap shot by Adam Hall.
8:47 of 3rd period - Stopped by Jonathan Quick without a rebound.
8:48 of 3rd period - Rich Peverley wins face-off versus Marcel Goc in Nordiques zone.
9:09 of 3rd period - Minor Penalty to Patrick Marleau for Cross-checking.
9:10 of 3rd period - Kyle Calder wins face-off versus Scott Gomez in Capitals zone.
9:17 of 3rd period - Wrist shot by Kyle Calder.
9:17 of 3rd period - Stopped by Roberto Luongo with a rebound.
9:25 of 3rd period - Backhand shot by Chris Drury.
9:25 of 3rd period - Deflect By Vladimir Tarasenko.
9:25 of 3rd period - Stopped by Roberto Luongo with a rebound.
9:43 of 3rd period - Slapshot by Ryan Ellis.
9:43 of 3rd period - Goal by Ryan Ellis - Nordiques : 3 - Capitals : 4.
9:44 of 3rd period - Tyler Seguin wins face-off versus Daniel Briere in neutral zone.
9:51 of 3rd period - Snap shot by Tyler Seguin.
9:51 of 3rd period - Stopped by Jonathan Quick without a rebound.
9:52 of 3rd period - Daniel Briere wins face-off versus Tyler Seguin in Nordiques zone.
10:23 of 3rd period - Wrist shot by Vladimir Tarasenko.
10:23 of 3rd period - Stopped by Roberto Luongo without a rebound.
10:24 of 3rd period - Tyler Seguin wins face-off versus Chris Drury in Capitals zone.
10:49 of 3rd period - Dustin Byfuglien is hit by Jamie Benn and loses puck.
11:30 of 3rd period - Dustin Byfuglien is hit by Brian Boyle and loses puck.
11:58 of 3rd period - Slapshot by Vladimir Tarasenko.
11:58 of 3rd period - Shot Misses the Net.
12:14 of 3rd period - Slapshot by Matt Gilroy.
12:14 of 3rd period - Deflect By Marek Svatos.
12:14 of 3rd period - Stopped by Roberto Luongo with a rebound.
12:16 of 3rd period - Snap shot by R.J. Umberger.
12:16 of 3rd period - Stopped by Roberto Luongo without a rebound.
12:17 of 3rd period - Daniel Briere wins face-off versus Scott Gomez in Capitals zone.
12:20 of 3rd period - Snap shot by R.J. Umberger.
12:20 of 3rd period - Stopped by Roberto Luongo without a rebound.
12:21 of 3rd period - Scott Gomez wins face-off versus Daniel Briere in Capitals zone.
12:21 of 3rd period - Scott Gomez is hit by Marek Svatos.
13:06 of 3rd period - Minor Penalty to Ryan Ellis for Hooking.
13:07 of 3rd period - Tyler Seguin wins face-off versus Daniel Briere in Nordiques zone.
13:14 of 3rd period - Slapshot by Jaromir Jagr.
13:14 of 3rd period - Shot Misses the Net.
13:16 of 3rd period - Snap shot by Jaromir Jagr.
13:16 of 3rd period - Deflect By Tyler Seguin.
13:16 of 3rd period - Shot Misses the Net.
13:16 of 3rd period - Puck is out of play.
13:17 of 3rd period - Daniel Briere wins face-off versus Tyler Seguin in Nordiques zone.
13:24 of 3rd period - Icing by Ondrej Palat.
13:25 of 3rd period - Daniel Briere wins face-off versus Tyler Seguin in Capitals zone.
14:01 of 3rd period - Slapshot by Matt Irwin.
14:01 of 3rd period - Deflect By Chris Drury.
14:01 of 3rd period - Stopped by Jonathan Quick with a rebound.
14:54 of 3rd period - Daniel Briere is hit by Ondrej Palat and loses puck.
15:06 of 3rd period - Penalty to Ryan Ellis is over, Ryan Ellis is back on ice.
15:29 of 3rd period - Slapshot by Chris Kunitz.
15:29 of 3rd period - Stopped by Jonathan Quick without a rebound.
15:30 of 3rd period - Marcel Goc wins face-off versus Paul Gaustad in Nordiques zone.
16:06 of 3rd period - Minor Penalty to Matt Gilroy for Holding Stick.
16:07 of 3rd period - Daniel Briere wins face-off versus Jaromir Jagr in Nordiques zone.
18:06 of 3rd period - Penalty to Matt Gilroy is over, Matt Gilroy is back on ice.
18:06 of 3rd period - Icing by Matt Irwin.
18:07 of 3rd period - Brian Boyle wins face-off versus Chris Drury in Capitals zone.
18:32 of 3rd period - Chris Kunitz is hit by Paul Gaustad.
18:38 of 3rd period - Slapshot by Dougie Hamilton.
18:38 of 3rd period - Goal by Dougie Hamilton - Nordiques : 3 - Capitals : 5.
18:39 of 3rd period - Marcel Goc wins face-off versus Paul Gaustad in neutral zone.
18:42 of 3rd period - Wrist shot by T.J. Oshie.
18:42 of 3rd period - Shot Blocked by Mark Eaton.
18:44 of 3rd period - Slapshot by Mark Stuart.
18:44 of 3rd period - Shot Misses the Net.
18:46 of 3rd period - Slapshot by Mark Stuart.
18:46 of 3rd period - Stopped by Jonathan Quick without a rebound.
18:47 of 3rd period - Paul Gaustad wins face-off versus Patrick Marleau in Nordiques zone.
18:51 of 3rd period - Minor Penalty to Patrick Marleau for Hooking.
18:52 of 3rd period - Daniel Briere wins face-off versus Scott Gomez in Capitals zone.
19:00 of 3rd period - Wrist shot by Daniel Briere.
19:00 of 3rd period - Stopped by Roberto Luongo with a rebound.
19:02 of 3rd period - Wrist shot by Marek Svatos.
19:02 of 3rd period - Goal by Marek Svatos - Nordiques : 4 - Capitals : 5.
19:03 of 3rd period - R.J. Umberger wins face-off versus Scott Gomez in neutral zone.
19:13 of 3rd period - Nordiques, Jonathan Quick is pulled from the net.
19:23 of 3rd period - Backhand shot by Marek Svatos.
19:23 of 3rd period - Stopped by Roberto Luongo with a rebound.
19:25 of 3rd period - Wrist shot by R.J. Umberger.
19:25 of 3rd period - Shot Misses the Net.
19:54 of 3rd period - Minor Penalty to Scott Gomez for Hooking.
19:55 of 3rd period - Chris Kunitz wins face-off versus Chris Drury in Capitals zone.
19:55 of 3rd period - Chris Kunitz is hit by Chris Drury.
Goals for this period are 2 for Nordiques vs 2 for Capitals.
Shots for this period are 10 for Nordiques vs 10 for Capitals.